 Dungeon Crawl Stone Soup version 0.27.1 (webtiles) character file.

Game seed: 13677467796685142683

318 Renzlar the Shield-Bearer (level 6, -3/53 HPs)
             Began as a Gnoll Fighter on Aug 29, 2021.
             Slain by an orc (4 damage)
             ... on level 3 of the Dungeon.
             The game lasted 00:07:20 (2384 turns).

Renzlar the Shield-Bearer (Gnoll Fighter)           Turns: 2384, Time: 00:07:21

Health: -3/53      AC:  9    Str: 24    XL:     6   Next: 45%
Magic:  9/9        EV:  9    Int:  7    God:
Gold:   92         SH:  0    Dex: 11    Spells: 9/9 levels left

rFire    . . .     SeeInvis .   a - +0 war axe
rCold    . . .     Faith    .   c - +1 kite shield
rNeg     . . .     Spirit   .   b - +0 scale mail
rPois    .         Reflect  .   (no helmet)
rElec    .         Harm     .   g - +0 cloak
rCorr    .         Rampage  .   (no gloves)
Will     .....                  (no boots)
Stlth    ..........             (no amulet)
HPRegen  0.17/turn              m - +6 ring of strength
MPRegen  0.11/turn              (no ring)

@: confused, mighty
A: fangs 1, strong nose, distributed training
a: no special abilities


You were on level 3 of the Dungeon.
You visited 1 branch of the dungeon, and saw 3 of its levels.

You collected 92 gold pieces.

Inventory:

Hand Weapons
 a - a +0 war axe (weapon)
 e - a +0 short sword of venom
Missiles
 f - 91 stones (quivered)
 j - 20 sling bullets
Armour
 b - a +0 scale mail (worn)
 c - a +1 kite shield (worn)
 g - a +0 cloak (worn)
Jewellery
 h - a ring of wizardry
 m - a +6 ring of strength (left hand)
Scrolls
 o - a scroll of fog {unknown}
Potions
 i - a potion of curing
 l - 2 potions of brilliance {unknown}
 n - a potion of degeneration {unknown}


   Skills:
 + Level 6.8 Fighting
 + Level 2.0 Short Blades
 + Level 2.0 Long Blades
 + Level 5.0 Axes
 + Level 2.0 Maces & Flails
 + Level 2.0 Polearms
 + Level 2.0 Staves
 + Level 2.0 Slings
 + Level 2.0 Bows
 + Level 2.0 Crossbows
 + Level 2.0 Throwing
 + Level 6.8 Armour
 + Level 2.0 Dodging
 + Level 2.0 Stealth
 + Level 6.8 Shields
 + Level 2.0 Unarmed Combat
 + Level 2.0 Spellcasting
 + Level 1.5 Conjurations
 + Level 1.5 Hexes
 + Level 1.5 Summonings
 + Level 1.5 Necromancy
 + Level 1.5 Translocations
 + Level 1.5 Transmutations
 + Level 1.5 Fire Magic
 + Level 1.5 Ice Magic
 + Level 1.5 Air Magic
 + Level 1.5 Earth Magic
 + Level 1.5 Poison Magic
 + Level 2.1 Invocations
 + Level 2.0 Evocations


You had 9 spell levels left.
You didn't know any spells.
Your spell library was empty.

Dungeon Overview and Level Annotations

Branches:
Dungeon (3/15)

Altars:
The Shining One

Annotations:
D:3 3 runed translucent doors, RatsInWalls's ghost, amateur HOMo; WaxSun's ghost, amateur OgFE; ZARRMARR's ghost, weakling OpTm


Innate Abilities, Weirdness & Mutations

You have very sharp teeth.
Your uncanny sense of smell can sniff out nearby items.
Your experience applies equally to all skills.


Message History

You feel better. The orc hits you with a +0 short sword.
* * * LOW HITPOINT WARNING * * *
Something completely misses you. The orc barely misses you.
You block the orc's attack.
You miss something.
You hit the orc. x2; You closely miss the orc.
The orc hits you with a +0 short sword.
* * * LOW HITPOINT WARNING * * *
You block something's attack. You block the orc's attack.
The orc completely misses you.
Unknown command.
You feel very mighty all of a sudden. You block the orc's attack.
You hear some strange, mumbled words.
You are confused.
The orc barely misses you. The orc hits you with a +0 trident.
* * * LOW HITPOINT WARNING * * *
Unknown command.
Unknown command.
You closely miss the orc.
The orc is lightly wounded.
You miss the orc. You completely miss something. You closely miss the orc.
The orc hits you with a +0 short sword.
* * * LOW HITPOINT WARNING * * *
Something hits you.
* * * LOW HITPOINT WARNING * * *
The orc hits you but does no damage. The orc hits you with a +0 trident.
* * * LOW HITPOINT WARNING * * *
The orc hits you but does no damage. Something hits you but does no damage.
The orc barely misses you.
Unknown command.
You hit the orc but do no damage.
The orc is heavily wounded.
Your shield prevents you from hitting the orc.
You hit the orc.
Your shield prevents you from hitting something.
The orc closely misses you. The orc hits you with a +0 short sword.
* * * LOW HITPOINT WARNING * * *
Something hits you but does no damage. The orc barely misses you.
The orc hits you with a +0 trident.
You die...

........#.#.#..........#
............#..........#
........#.###.#........#
................#......#
.. ##.#.#......### #..
#.#...........
...#.#...........
#.#.............
###.....@{........
.......ooo........
.##..)...........
#.##.#########. #. #)# #
..o ..... .......
#........


You could see 3 orcs.

Vanquished Creatures
  Sigmund (D:2)
  Jessica (D:2)
  An iguana (D:3)
  An orc wizard (D:3)
  An adder (D:2)
  A worm (D:3)
  2 dart slugs
  An orc (D:3)
  8 bats
  3 endoplasms
  3 giant cockroaches
  5 goblins
  4 hobgoblins
  9 jackals
  3 quokkas
  6 ball pythons
  3 frilled lizards
  8 kobolds
  4 rats
65 creatures vanquished.

Notes
Turn   | Place    | Note
-------+----------+-------------------------------------------
     0 | D:1      | Renzlar the Gnoll Fighter began the quest for the Orb.
     0 | D:1      | Reached XP level 1. HP: 23/23 MP: 1/1
   101 | D:1      | Found a faded altar of an unknown god.
   107 | D:1      | Reached XP level 2. HP: 26/29 MP: 2/2
   398 | D:1      | Reached XP level 3. HP: 35/35 MP: 3/3
   883 | D:2      | Reached skill level 1 in Invocations
   960 | D:2      | Noticed Jessica
   971 | D:2      | Killed Jessica
   972 | D:2      | Reached skill level 1 in Short Blades
   972 | D:2      | Reached skill level 1 in Long Blades
   972 | D:2      | Reached skill level 1 in Maces & Flails
   972 | D:2      | Reached skill level 1 in Polearms
   972 | D:2      | Reached skill level 1 in Staves
   972 | D:2      | Reached skill level 1 in Slings
   972 | D:2      | Reached skill level 1 in Bows
   972 | D:2      | Reached skill level 1 in Crossbows
   972 | D:2      | Reached skill level 1 in Throwing
   972 | D:2      | Reached skill level 1 in Dodging
   972 | D:2      | Reached skill level 1 in Stealth
   972 | D:2      | Reached skill level 1 in Unarmed Combat
   972 | D:2      | Reached skill level 1 in Spellcasting
   972 | D:2      | Reached skill level 1 in Evocations
   972 | D:2      | Reached XP level 4. HP: 18/41 MP: 5/5
  1222 | D:2      | Noticed Sigmund
  1239 | D:2      | Killed Sigmund
  1240 | D:2      | Reached skill level 1 in Conjurations
  1240 | D:2      | Reached skill level 1 in Hexes
  1240 | D:2      | Reached skill level 1 in Summonings
  1240 | D:2      | Reached skill level 1 in Necromancy
  1240 | D:2      | Reached skill level 1 in Translocations
  1240 | D:2      | Reached skill level 1 in Transmutations
  1240 | D:2      | Reached skill level 1 in Fire Magic
  1240 | D:2      | Reached skill level 1 in Ice Magic
  1240 | D:2      | Reached skill level 1 in Air Magic
  1240 | D:2      | Reached skill level 1 in Earth Magic
  1240 | D:2      | Reached skill level 1 in Poison Magic
  1240 | D:2      | Reached XP level 5. HP: 36/47 MP: 5/7
  1240 | D:2      | Reached XP level 6. HP: 41/53 MP: 5/8
  1747 | D:2      | Found a glowing golden altar of the Shining One.
  1893 | D:3      | Found a runed translucent gate.
  1893 | D:3      | Found a runed translucent gate.
  1893 | D:3      | Found a runed translucent gate.
  1902 | D:3      | Noticed RatsInWalls's ghost (amateur HOMo)
  1902 | D:3      | Noticed ZARRMARR's ghost (weakling OpTm)
  1903 | D:3      | Noticed WaxSun's ghost (amateur OgFE)
  2361 | D:3      | Reached skill level 5 in Axes
  2384 | D:3      | HP: 1/53 [orc (2)]
  2384 | D:3      | Slain by an orc

Illustrated notes

Levels and vault maps discovered:
D:1:      heliophobic_arrival_henge, layout_loops_ring,
          chequers_ecumenical_altar_simple, minmay_tiny_reverse_x
D:2:      layout_loops_ring, basic_altar, uniq_jessica, uniq_sigmund
D:3:      layout_basic, gammafunk_ghost_cemetery, ebering_dispersal_statue_hall

Skill      XL: |  1  2  3  4  5  6 |
---------------+-------------------+-----
Invocations    | 1 2 |  2.1
Short Blades   | 1 2 |  2.0
Long Blades    | 1 2 |  2.0
Maces & Flails | 1 2 |  2.0
Polearms       | 1 2 |  2.0
Staves         | 1 2 |  2.0
Slings         | 1 2 |  2.0
Bows           | 1 2 |  2.0
Crossbows      | 1 2 |  2.0
Throwing       | 1 2 |  2.0
Dodging        | 1 2 |  2.0
Stealth        | 1 2 |  2.0
Unarmed Combat | 1 2 |  2.0
Spellcasting   | 1 2 |  2.0
Evocations     | 1 2 |  2.0
Conjurations   | 1 |  1.5
Hexes          | 1 |  1.5
Summonings     | 1 |  1.5
Necromancy     | 1 |  1.5
Translocations | 1 |  1.5
Transmutations | 1 |  1.5
Fire Magic     | 1 |  1.5
Ice Magic      | 1 |  1.5
Air Magic      | 1 |  1.5
Earth Magic    | 1 |  1.5
Poison Magic   | 1 |  1.5
Axes           | 5 |  5.0
Fighting       | |  6.8
Armour         | |  6.8
Shields        | |  6.8

Action                   |  1- 3 |  4- 6 || total
-------------------------+-------+-------++-------
Melee: War axe           |   100 |    95 ||   195
       Bite              |     6 |    10 ||    16
  Use: Scroll            |     3 |     3 ||     6
       Potion            |       |     3 ||     3
Armor: Scale mail        |    54 |    42 ||    96
Dodge: Dodged            |    27 |    36 ||    63
Block: Kite shield       |    68 |    52 ||   120
